Map: 大气2000-天梯版

Players

iGCoffeeMs (Coffee)

  • Race: Terran Terran

wanted - Winner!

  • Race: Zerg Zerg

Event: DreamHack SC2 Masters 2021 Winter

VOD

Have the link to the VOD?

Description

Time

  • Played on: Oct. 7, 2021, 7:25 a.m.
  • Length: 20:40

All games in this series

Show
View Real Time Build Order
Export as new Build Order

iGCoffeeMs Terran 

Build Orders: Reaper Expand 

Get SALT Encoding   

  12  0:00  SCV  
  13  0:12  SCV  
  14  0:16  Supply Depot  
  14  0:24  SCV  
  15  0:38  SCV  
  15  0:40  Barracks  
  16  0:43  Refinery  
  16  0:50  SCV  
  17  1:02  SCV  
  18  1:15  SCV  
  19  1:27  Reaper  
  19  1:28  Orbital Command  
  20  1:39  Command Center  
  20  1:49  Supply Depot  
  20  1:53  SCV  
  21  1:59  Marine  
  22  2:05  SCV  
  22  2:08  Factory  
  23  2:14  Bunker  
  22  2:18  SCV  
  22  2:21  Barracks Reactor  
  23  2:27  Refinery  
  23  2:30  SCV  
  24  2:42  SCV  
  25  2:56  Hellion  
  25  2:57  SCV  
  28  2:58  Starport  
  28  3:00  Orbital Command  
  28  3:03  Marine  
  28  3:04  Marine  
  30  3:12  SCV  
  31  3:18  Widow Mine  
  32  3:23  Marine x2  
  32  3:24  Supply Depot  
  32  3:25  SCV  
  32  3:26  SCV  
  36  3:36  Medivac  
  36  3:38  SCV  
  36  3:39  SCV  
  36  3:41  Factory Tech Lab  
  40  3:43  Marine x2  
  42  3:56  SCV x2  
  42  4:01  Supply Depot  
  44  4:13  Liberator, Hellion x2  
  44  4:15  SCV x2  
  53  4:19  Stimpack  
  53  4:23  Command Center  
  53  4:27  Supply Depot  
  53  4:34  Hellion x2  
  53  4:35  SCV  
  53  4:37  SCV  
  57  4:55  SCV x2  
  57  4:58  Starport Reactor  
  59  5:02  Barracks  
  59  5:03  Factory Reactor  
  59  5:04  Marine  
  60  5:07  SCV x2, Barracks  
  60  5:10  Engineering Bay  
  60  5:11  Engineering Bay  
  60  5:12  Refinery  
  60  5:22  Marine  
  60  5:24  SCV x2  
  60  5:27  Refinery  
  61  5:35  Barracks  
  61  5:36  Barracks  
  61  5:39  Orbital Command  
  61  5:40  Terran Infantry Weapons Level 1, Marine, Terran Infantry Armor Level 1  
  62  5:46  SCV x2  
  56  5:50  Marine x2  
  56  5:57  Factory Tech Lab  
  56  5:58  SCV x2  
  56  6:00  Marine x3  
  61  6:04  Combat Shield  
  61  6:05  Orbital Command  
  61  6:10  SCV x2  
  63  6:11  Medivac x2  
  67  6:18  Marine x2  
  67  6:19  Marine x2  
  67  6:20  Marine  
  67  6:22  SCV x2  
  67  6:25  Barracks Reactor  
  74  6:26  Siege Tank  
  74  6:29  Barracks Reactor  
  74  6:30  Supply Depot  
  77  6:32  Supply Depot  
  77  6:34  SCV  
  77  6:35  SCV  
  77  6:36  SCV  
  80  6:40  Marine x5  
  85  6:51  SCV x2  
  87  6:56  Medivac x2  
  87  6:57  Supply Depot  
  87  6:58  SCV, Siege Tank  
  94  7:04  SCV x2, Marine  
  94  7:05  Marine x4  
  101  7:09  Supply Depot, Bunker  
  101  7:13  Armory  
  101  7:15  Supply Depot  
  101  7:18  Marine x3  
  99  7:38  Marine x4  
  99  7:39  SCV x2  
  99  7:44  Medivac x2, Siege Tank  
  109  7:45  Marine x2  
  109  7:47  Marine x3  
  116  7:53  Supply Depot  
  116  7:54  Supply Depot x2  
  116  7:55  Marine  
  116  7:56  Marine x3  
  120  8:08  Marine x3  
  120  8:09  Marine  
  124  8:16  Siege Tank, Marine x4  
  124  8:17  Medivac x2  
  135  8:27  Supply Depot  
  135  8:29  Marine  
  135  8:30  Marine x4  
  135  8:34  Marine  
  140  8:35  Terran Infantry Weapons Level 2  
  140  8:37  Supply Depot x2  
  140  8:40  Marine  
  141  8:42  Marine  
  141  8:43  Marine  
  141  8:46  Terran Infantry Armor Level 2  
  141  8:48  Siege Tank, Marine  
  141  8:53  Marine  
  141  8:54  Marine x3  
  149  8:55  Marine  
  149  8:58  Marine  
  149  8:59  Bunker  
  149  9:00  Supply Depot x2, Marine  
  147  9:03  SCV x2  
  128  9:14  Marine x6  
  128  9:15  Marine  
  128  9:16  Marine  
  136  9:17  Marine  
  136  9:19  Factory  
  135  9:32  Marine x6  
  135  9:34  Siege Tank  
  135  9:37  Marine  
  135  9:38  Marine x2  
  143  9:40  Medivac x2  
  143  9:49  Marine  
  143  9:50  Marine x2  
  143  9:51  Marine  
  146  9:53  Marine x2  
  146  9:59  Supply Depot, Refinery x2  
  146  10:00  Marine x2  
  146  10:02  Supply Depot  
  146  10:04  Supply Depot  
  146  10:05  Factory Tech Lab  
  146  10:06  Siege Tank  
  151  10:09  Marine x2  
  151  10:10  Marine x3  
  151  10:11  Marine  
  151  10:13  Marine  
  158  10:18  Marine x2  
  160  10:24  Supply Depot  
  160  10:25  Supply Depot  
  160  10:26  Supply Depot  
  160  10:27  Marine x3  
  152  10:52  Marine x2  
  152  10:53  Marine x7  
  152  10:54  Siege Tank x2  
  158  11:04  Command Center  
  158  11:10  Marine x8  
  158  11:11  Marine  
  167  11:15  Barracks  
  167  11:16  Barracks  
  167  11:17  Barracks  
  165  11:25  Orbital Command  
  164  11:26  Siege Tank  
  164  11:28  Marine x9  
  169  11:38  SCV  
  167  11:44  SCV  
  167  11:45  Marine  
  167  11:46  Marine x4  
  160  11:50  SCV x2  
  160  11:51  Terran Infantry Weapons Level 3, Terran Infantry Armor Level 3  
  162  11:56  SCV  
  162  11:59  Medivac  
  162  12:00  Medivac  
  159  12:18  Marine x9  
  167  12:36  Marine x5  
  150  12:46  Medivac x2  
  150  12:47  Factory Tech Lab  
  150  12:48  Marine  
  150  12:49  Marine x3  
  152  12:52  SCV  
  152  12:53  Marine  
  152  12:54  Marine x3  
  155  12:58  Marine  
  155  13:01  SCV  
  154  13:06  Marine  
  154  13:07  Marine  
  154  13:08  Marine  
  154  13:09  Marine  
  154  13:11  Marine  
  156  13:12  Marine  
  149  13:25  Marine  
  149  13:26  Marine x6  
  142  13:31  SCV x2  
  144  13:35  Barracks Tech Lab x3  
  144  13:37  SCV  
  145  13:45  Marine x2  
  145  13:47  Siege Tank  
  142  13:52  Marine x2  
  144  13:56  Marine x2  
  144  14:01  Siege Tank  
  147  14:13  Marauder x2  
  147  14:15  SCV x2  
  147  14:16  SCV  
  154  14:26  Siege Tank  
  157  14:33  Planetary Fortress  
  156  14:40  Marauder x2  
  160  14:50  Marauder x2  
  160  14:51  Sensor Tower  
  140  15:10  Marauder x2  
  140  15:11  Marauder x2  
  140  15:13  Marine x2  
  149  15:21  Siege Tank  
  149  15:22  Siege Tank  
  149  15:23  SCV  
  149  15:24  SCV  
  157  15:31  Marauder  
  154  15:38  Marauder x2  
  154  15:40  Marine x2  
  160  15:43  Medivac x2  
  164  15:54  Siege Tank x2  
  164  15:56  Marine  
  161  15:57  Marine x7  
  161  16:00  Marine x2  
  161  16:01  Marine x2  
  169  16:14  Marine  
  169  16:16  Marauder x2  
  167  16:20  Marauder, Marine x3  
  167  16:25  Medivac x2  
  173  16:37  Marauder x2  
  177  16:40  Marauder  
  177  16:43  Supply Depot, Command Center  
  179  16:53  Marine  
  179  16:54  Marauder, Marine  
  169  16:59  Marauder  
  171  17:05  Marauder, Siege Tank  
  178  17:11  Marine x2  
  180  17:19  Marine x2  
  180  17:25  Supply Depot  
  180  17:26  Supply Depot  
  180  17:27  Refinery x2  
  180  17:28  Supply Depot  
  180  17:31  Orbital Command  
  180  17:33  Marauder, Marine  
  180  17:35  Marauder  
  180  17:36  Marauder, Barracks Tech Lab, Siege Tank  
  178  17:39  Marine x2  
  178  17:41  Siege Tank  
  177  17:45  Marine x2  
  177  17:48  Marine x3  
  169  17:55  Marauder x2, Marine  
  169  17:56  Marauder  
  169  17:57  Marine  
  161  18:10  Siege Tank  
  164  18:13  Siege Tank  
  164  18:15  Marauder  
  164  18:16  Marine x2  
  160  18:42  Siege Tank, Marine  
  160  18:43  Marauder x3, Marine x5  
  160  18:45  Siege Tank  
  160  18:47  Marine  
  160  18:48  Marauder  
  171  18:49  SCV  
  153  18:59  Marine  
  153  19:00  Marine  
  153  19:01  Marine  
  156  19:04  Marauder, Marine x3  
  161  19:12  Marine  
  161  19:14  Siege Tank  
  159  19:21  Marine x2  
  159  19:22  Marine x4  
  160  19:44  Planetary Fortress  
  148  19:50  Marauder x3  
  157  19:53  Missile Turret  
  160  20:00  Marine x5  
  153  20:16  Marauder  
Show
View Real Time Build Order
Export as new Build Order

wanted Zerg - Winner!

Build Orders: Pool First 

Get SALT Encoding   

  12  0:00  Drone  
  13  0:09  Drone  
  14  0:17  Overlord  
  14  0:23  Drone, Extractor  
  15  0:35  Drone  
  16  0:41  Spawning Pool  
  15  0:44  Drone  
  15  0:47  Drone  
  17  1:09  Hatchery  
  16  1:12  Drone  
  17  1:26  Extractor  
  17  1:27  Zergling x6  
  17  1:31  Queen  
  21  1:39  Drone  
  22  1:52  Overlord  
  22  2:09  Queen  
  22  2:10  Drone  
  22  2:14  Drone  
  26  2:21  Queen  
  28  2:23  Drone x2  
  30  2:31  Metabolic Boost  
  30  2:35  Drone x2  
  32  2:43  Overlord  
  32  2:51  Overlord  
  32  2:54  Drone x3  
  32  2:56  Drone  
  36  3:04  Drone  
  36  3:14  Drone  
  36  3:18  Hatchery  
  36  3:20  Drone  
  36  3:25  Drone x2  
  39  3:30  Queen  
  39  3:32  Drone x2  
  39  3:33  Drone  
  44  3:35  Drone  
  44  3:40  Queen  
  47  3:45  Overlord  
  47  3:52  Drone x4  
  50  3:57  Drone  
  51  4:05  Overlord  
  51  4:06  Queen  
  51  4:08  Drone x3  
  56  4:11  Drone x3  
  59  4:22  Queen, Overlord  
  61  4:29  Spore Crawler  
  60  4:32  Spore Crawler  
  60  4:33  Zergling x6  
  60  4:35  Zergling x4  
  60  4:36  Queen  
  66  4:39  Drone  
  66  4:43  Evolution Chamber  
  67  4:47  Drone x5  
  68  4:54  Drone x3  
  71  5:01  Lair  
  71  5:02  Drone  
  71  5:03  Extractor  
  71  5:05  Zergling x4  
  73  5:08  Overlord x3  
  73  5:10  Spore Crawler  
  72  5:19  Drone x3  
  71  5:23  Zergling x4  
  73  5:30  Drone x6  
  73  5:35  Baneling Nest  
  78  5:36  Drone  
  78  5:37  Drone x4  
  82  5:44  Queen  
  82  5:46  Zergling x4  
  86  5:55  Extractor  
  83  5:57  Drone, Extractor  
  83  5:58  Drone x5, Spore Crawler  
  87  6:06  Evolution Chamber  
  87  6:07  Evolution Chamber  
  87  6:09  Drone, Hatchery  
  85  6:14  Zergling x12  
  90  6:26  Drone x6  
  96  6:34  Hatchery  
  96  6:36  Overlord x3  
  95  6:41  Zergling x6  
  98  6:54  Centrifugal Hooks  
  98  6:55  Zerg Ground Armor Level 1, Zerg Melee Weapons Level 1  
  98  6:56  Zergling x14  
  105  7:03  Queen  
  106  7:09  Baneling x4  
  106  7:10  Zergling x2  
  106  7:11  Zergling x16  
  106  7:14  Spore Crawler  
  114  7:18  Zergling x2  
  115  7:33  Overlord  
  115  7:35  Drone x13  
  125  7:39  Overlord  
  125  7:46  Spore Crawler  
  125  7:48  Zergling x8  
  128  7:52  Zergling x10  
  128  7:54  Spore Crawler  
  128  7:55  Baneling x12  
  128  7:57  Hatchery  
  128  7:58  Pneumatized Carapace  
  131  8:02  Overlord x3  
  130  8:12  Baneling x6  
  129  8:15  Overlord  
  127  8:20  Zergling x18  
  127  8:21  Infestation Pit  
  134  8:31  Zergling x2  
  134  8:32  Zergling x14  
  140  8:35  Baneling x8  
  140  8:40  Zergling x6  
  142  8:46  Overlord x4  
  141  8:50  Zergling x10, Hatchery  
  146  8:58  Zerg Melee Weapons Level 2, Zerg Ground Armor Level 2  
  146  9:01  Zergling x12  
  148  9:06  Zergling x4  
  128  9:11  Queen  
  128  9:12  Hive  
  128  9:15  Baneling x10  
  128  9:16  Zergling x10  
  130  9:24  Zergling x18  
  131  9:36  Hatchery  
  124  9:45  Overlord  
  123  9:46  Drone x9  
  123  9:52  Overlord  
  131  9:55  Zergling x18  
  140  10:02  Overseer  
  140  10:07  Extractor  
  139  10:08  Zergling x8  
  143  10:16  Zergling x18  
  143  10:17  Spore Crawler  
  143  10:18  Burrow  
  143  10:20  Baneling  
  143  10:21  Baneling x17  
  151  10:27  Zergling x14  
  150  10:37  Zergling x6  
  150  10:41  Hatchery  
  151  10:45  Zergling x14  
  153  10:54  Zergling x10  
  153  10:56  Viper x2  
  158  11:03  Baneling x6  
  158  11:04  Baneling, Queen  
  158  11:05  Queen x3  
  158  11:06  Zergling x12  
  165  11:14  Zergling x8  
  168  11:24  Zergling x8  
  160  11:38  Zergling x10  
  153  11:40  Queen x2  
  145  11:50  Baneling x15  
  145  11:51  Zergling x8  
  145  11:54  Hatchery  
  145  11:56  Adrenal Glands  
  145  11:58  Zergling x8  
  148  12:01  Hatchery  
  148  12:04  Zergling x6  
  138  12:16  Zergling x12  
  138  12:18  Zerg Melee Weapons Level 3  
  144  12:29  Zergling x24  
  146  12:38  Zergling x4  
  146  12:43  Zerg Ground Armor Level 3  
  139  12:50  Zergling x12  
  144  12:51  Baneling x4  
  139  13:00  Queen x3  
  139  13:03  Zergling x22  
  139  13:04  Baneling x5  
  152  13:08  Zergling x2  
  152  13:13  Zergling x6, Queen  
  150  13:21  Zergling x12  
  148  13:33  Drone x2  
  150  13:34  Drone x3  
  150  13:35  Drone x2  
  150  13:40  Zergling x22  
  150  13:41  Spire  
  159  13:53  Zergling x8, Baneling Nest  
  162  13:57  Hatchery  
  160  14:03  Zergling x2  
  160  14:04  Zergling x16  
  168  14:13  Zergling x18  
  176  14:24  Spore Crawler  
  175  14:30  Extractor x2  
  173  14:31  Drone x5  
  173  14:32  Drone x6  
  179  14:52  Zergling x42  
  199  14:53  Hatchery  
  192  15:03  Baneling x8  
  188  15:07  Drone x9  
  188  15:08  Drone x3  
  188  15:11  Extractor  
  188  15:12  Extractor  
  188  15:14  Zerg Flyer Weapons Level 1  
  197  15:17  Baneling x10  
  197  15:18  Baneling x2  
  197  15:20  Pathogen Glands  
  197  15:26  Zergling x8, Spore Crawler  
  197  15:31  Drone, Spore Crawler  
  197  15:32  Drone, Overseer  
  197  15:39  Baneling x12  
  197  15:48  Zergling x10  
  188  15:57  Zergling x24  
  198  16:04  Spire  
  198  16:05  Zerg Missile Weapons Level 1  
  198  16:08  Viper  
  199  16:17  Neural Parasite  
  195  16:23  Zergling x20  
  199  16:26  Baneling x10  
  199  16:28  Extractor  
  199  16:29  Extractor  
  199  16:32  Spine Crawler  
  196  16:33  Spine Crawler  
  196  16:34  Drone x2, Spine Crawler x2  
  196  16:35  Drone, Spine Crawler x2  
  196  16:39  Spine Crawler  
  193  16:43  Spore Crawler  
  193  16:45  Spore Crawler  
  193  16:46  Baneling x14  
  191  16:50  Zergling x22  
  194  16:55  Hatchery  
  194  17:00  Baneling x10  
  192  17:04  Zergling x16  
  200  17:15  Greater Spire  
  199  17:34  Zergling x16  
  197  17:42  Baneling x4  
  197  17:43  Baneling x10, Zergling x4  
  197  17:44  Zergling x4  
  185  17:51  Zergling x36  
  189  18:02  Zerg Flyer Armor Level 1  
  189  18:07  Overseer  
  189  18:10  Corruptor x4  
  189  18:11  Zergling x4  
  199  18:19  Baneling x8  
  199  18:26  Zergling x2  
  200  18:31  Spine Crawler  
  198  18:35  Spore Crawler  
  198  18:38  Zergling x16  
  198  18:39  Zergling x8  
  191  18:43  Zergling x26  
  194  18:52  Corruptor x5  
  194  18:53  Zergling x2  
  199  19:06  Drone  
  199  19:07  Baneling x20, Hatchery  
  191  19:34  Overseer x4  
  191  19:38  Baneling x5  
  190  19:39  Baneling x2  
  190  19:40  Hatchery  
  188  19:49  Unknown, Extractor x2  
  188  19:51  Drone x2  
  188  19:52  Drone x2  
  189  19:53  Drone x2  
  191  20:01  Brood Lord x4  
  191  20:03  Extractor  
  191  20:05  Spore Crawler, Extractor  
  184  20:07  Spore Crawler x2  
  184  20:09  Brood Lord  
  184  20:11  Zergling x42  
  191  20:20  Zergling x10  

Tags
 
Add a new tag
Caveats
  • Supply blocks, unpowered buildings, or Contaminate may cause inaccurate times.
  • Supply counts are checked every 10 seconds.